 Dungeon Crawl Stone Soup version 0.31.0-1-g2c135a0 (webtiles) character file.

Game seed: 17907591476444911203

7 jagoly the Apothecary (level 2, 0/17 HPs)
             Began as an Octopode Alchemist on Jan 24, 2024.
             Slain by an adder (2 damage)
             ... on level 3 of the Dungeon.
             The game lasted 00:02:05 (186 turns).

jagoly the Apothecary (Octopode Alchemist)           Turns: 186, Time: 00:02:06

Health: 0/17       AC:  1    Str:  7    XL:     2   Next: 0%
Magic:  1/5        EV: 13    Int: 17    God:
Gold:   6          SH:  0    Dex: 12    Spells: 4/5 levels left

rFire   . . .        (no weapon)
rCold   . . .        (no shield)
rNeg    . . .        (helmet restricted)
rPois   .            (no amulet)
rElec   .            (no ring)
rCorr   .            (no ring)
SInv    .            (no ring)
Will    +....        (no ring)
Stlth   +++          (no ring)
HPRegen 0.22/turn    (no ring)
MPRegen 0.09/turn    (no ring)
                     (no ring)

%: no passive effects
@: lethally poisoned (0 -> -2), enlightened, flying
A: almost no armour, amphibious, 8 rings, camouflage 1, gelatinous body 1,
(nimble swimmer 1), tentacles
a: no special abilities


You were on level 3 of the Dungeon.
You visited 1 branch of the dungeon, and saw 3 of its levels.

You collected 6 gold pieces.

Inventory:

Missiles
 b - 7 stones
 e - 5 silver javelins
Scrolls
 d - a scroll of identify {unknown}
Potions
 a - a potion of magic


   Skills:
 - Level 2.0 Dodging
 + Level 3.0 Stealth
 - Level 2.0 Spellcasting
 * Level 1.5 Conjurations
 + Level 3.4 Alchemy


You had 4 spell levels left.
You knew the following spells:

 Your Spells              Type           Power      Damage    Failure   Level
a - Sting                 Conj/Alch      40%        1d5       7%          1

Your spell library contained the following spells:

 Spells                   Type           Power      Damage    Failure   Level
 Mercury Vapours          Alch/Air       14%        N/A       14%         2
 Mephitic Cloud           Conj/Alch/Air  7%         N/A       30%         3
 Olgreb's Toxic Radiance  Alch           13%        N/A       43%         4
 Sticky Flame             Fire/Alch      7%         2d4       67%         4


Dungeon Overview and Level Annotations

Branches:
Dungeon (3/15) Zot: 17813

Altars:

Shops:
D:2 :   D:3 [


Innate Abilities, Weirdness & Mutations

You cannot wear most types of armour.
You are amphibious.
You can wear up to eight rings at the same time.
Your skin changes colour to match your surroundings (Stealth+).
Your rubbery body absorbs attacks. (AC +1, EV +1)
((You are camouflaged when in or above water. (Stealth+)))
You have tentacles for arms and can constrict up to eight enemies at once.


Message History

Welcome, jagoly the Octopode Alchemist.
The Orb of Zot is coveted for many reasons.
Will you seize it for your own?
Press ? for a list of commands and other information.
Found a stone.
Found a staircase leading out of the dungeon.
Unknown command.
You enter the shallow water.
You see here a stone.
b - a stone You enter the shallow water.
Found a stone staircase leading down.
A hobgoblin comes into view.
Cast which spell? (? or * to list)
Aiming: Sting (safe; 9% risk of failure)
Press: ? - help, Shift-Dir - straight line, f - hobgoblin
Aim: a hobgoblin (68% to hit)
The sting misses the hobgoblin.
The hobgoblin closely misses you.
Cast which spell? (? or * to list)
Aiming: Sting (safe; 9% risk of failure)
Press: ? - help, Shift-Dir - straight line, f/p - hobgoblin
Aim: a hobgoblin (68% to hit)
The sting hits the hobgoblin.
The hobgoblin is poisoned.
The hobgoblin is moderately wounded.
The hobgoblin barely misses you.
You tentacle-slap the hobgoblin but do no damage.
You grab the hobgoblin. You squeeze the hobgoblin.
The hobgoblin is severely wounded.
You constrict the hobgoblin, but do no damage.
The hobgoblin hits you.
You tentacle-slap the hobgoblin but do no damage.
The hobgoblin is almost dead.
You constrict the hobgoblin.
You kill the hobgoblin!
Found 3 stones.
There is a stone staircase leading down here.
HP restored.
Magic restored.
b - 4 stones (gained 3)
There is a stone staircase leading down here.
You climb downwards.
Found a stone staircase leading up.
There is a stone staircase leading up here.
Found 3 stones.
There is a stone staircase leading up here.
You climb upwards.
Found 6 gold pieces, a lumpy ruby potion and a chain mail.
There is a stone staircase leading down here.
Cast which spell? (? or * to list)
Aiming: Sting (safe; 8% risk of failure)
Press: ? - help, Shift-Dir - straight line, f - endoplasm
Aim: an endoplasm (asleep, 100% to hit)
The sting hits the endoplasm.
The endoplasm is poisoned.
The endoplasm is lightly wounded.
Cast which spell? (? or * to list)
Aiming: Sting (safe; 8% risk of failure)
Press: ? - help, Shift-Dir - straight line, f/p - endoplasm
Aim: an endoplasm (lightly wounded, poisoned, 97% to hit)
The sting hits the endoplasm.
The endoplasm partially resists.
The endoplasm is severely wounded.
You see here 6 gold pieces.
Aiming: Sting (safe; 8% risk of failure)
Press: ? - help, Q - select action, (/) - cycle Shift-Dir - straight line, f/p - endoplasm
Aim: an endoplasm (severely wounded, poisoned, 97% to hit)
Okay, then.
You now have 6 gold pieces.
You completely miss the endoplasm.
The endoplasm is severely wounded.
The endoplasm freezes you.
You are frozen.
You tentacle-slap the endoplasm but do no damage.
You squeeze the endoplasm, but do no damage.
The endoplasm is severely wounded.
The endoplasm freezes you.
You are frozen.
You tentacle-slap the endoplasm.
The endoplasm is almost dead.
You kill the endoplasm!
c - a lumpy ruby potion
There is a stone staircase leading down here.
HP restored.
You climb downwards.
There is a stone staircase leading up here.
Found a stone staircase leading down.
b - 7 stones (gained 3)
Found Xefrias's Book Shoppe.
A ball python comes into view.
Cast which spell? (? or * to list)
Aiming: Sting (safe; 8% risk of failure)
Press: ? - help, Shift-Dir - straight line, f - ball python
Aim: a ball python (asleep, 100% to hit)
The sting hits the ball python.
The ball python is poisoned.
The ball python is heavily wounded.
The ball python hisses angrily.
You kill the ball python!
There is an entrance to Xefrias's Book Shoppe here.
You can access your shopping list by pressing '$'.
There is a stone staircase leading down here.
You climb downwards.
There is a stone staircase leading up here.
A hobgoblin comes into view.
A hobgoblin is nearby!
Cast which spell? (? or * to list)
Aiming: Sting (safe; 8% risk of failure)
Press: ? - help, Shift-Dir - straight line, f - hobgoblin
Aim: a hobgoblin (asleep, 100% to hit)
The sting hits the hobgoblin.
The hobgoblin is poisoned.
The hobgoblin is heavily wounded.
The hobgoblin shouts!
Cast which spell? (? or * to list)
Aiming: Sting (safe; 8% risk of failure)
Press: ? - help, Shift-Dir - straight line, f/p - hobgoblin
Aim: a hobgoblin (heavily wounded, poisoned, 68% to hit)
The sting hits the hobgoblin.
The hobgoblin looks even sicker.
You kill the hobgoblin!
You see here a hobgoblin corpse.
Found Dehijy's Armour Emporium.
Found a scroll labelled ILOCEBLIVIGG.
There is an entrance to Dehijy's Armour Emporium here.
d - a scroll labelled ILOCEBLIVIGG An endoplasm comes into view.
Found 5 silver javelins.
The endoplasm quivers.
Cast which spell? (? or * to list)
Aiming: Sting (safe; 8% risk of failure)
Press: ? - help, Shift-Dir - straight line, f - endoplasm
Aim: an endoplasm (97% to hit)
The sting hits the endoplasm.
The endoplasm partially resists.
The endoplasm is heavily wounded.
Cast which spell? (? or * to list)
Aiming: Sting (safe; 8% risk of failure)
Press: ? - help, Shift-Dir - straight line, f/p - endoplasm
Aim: an endoplasm (heavily wounded, 97% to hit)
The sting hits the endoplasm.
The endoplasm is poisoned.
The endoplasm is severely wounded.
The endoplasm closely misses you.
You tentacle-slap the endoplasm.
The endoplasm is almost dead.
The endoplasm barely misses you.
You tentacle-slap the endoplasm but do no damage.
You squeeze the endoplasm.
You kill the endoplasm!
Your Stealth skill increases to level 3!
You have reached level 2!
You see here 5 silver javelins.
e - 5 silver javelins
Found 9 gold pieces.
An adder and an orc come into view.
Cast which spell? (? or * to list)
Aiming: Sting (safe; 7% risk of failure)
Press: ? - help, Shift-Dir - straight line, f - adder
Aim: an adder (asleep, 100% to hit)
The sting hits the adder but does no damage.
The adder is poisoned.
The adder hisses angrily.
Cast which spell? (? or * to list)
Okay, then.
Cast which spell? (? or * to list)
Aiming: Sting (safe; 7% risk of failure)
Press: ? - help, Shift-Dir - straight line, f/p - adder
Aim: an adder (poisoned, 53% to hit)
The sting misses the adder.
The adder bites you.
You closely miss the adder. Your grab misses the adder.
You squeeze the adder, but do no damage.
The adder is moderately wounded.
The adder bites you. x2
You are poisoned.
The adder poisons you!
You miss the adder.
The orc shouts!
Your grab misses the adder. Your squeeze misses the adder.
The adder is moderately wounded.
You feel sick. The adder misses you.
You tentacle-slap the adder. Your grab misses the adder.
The adder is heavily wounded.
You feel sick. The adder bites you.
* * * LOW HITPOINT WARNING * * *
Attack: -) Tentacles
Press: ? - help, Dir - move target, f/p - adder
Aim: an adder (heavily wounded, poisoned, about 56% to evade your tentacles)
You miss the adder. Your grab misses the adder. Your squeeze misses the adder.
The adder is heavily wounded.
* * * LOW HITPOINT WARNING * * *
You feel sick. The adder barely misses you.
It was a potion of enlightenment.
You feel very buoyant.
You fly up into the air.
* * * LOW HITPOINT WARNING * * *
You feel sick. The adder barely misses you. x2
Attack: -) Tentacles
Press: ? - help, Dir - move target, f/p - adder
Aim: an adder (heavily wounded, poisoned, about 56% to evade your tentacles)
You closely miss the adder. Your grab misses the adder.
The adder is heavily wounded.
* * * LOW HITPOINT WARNING * * *
You feel sick. The adder bites you.
You die...

#.......# #. #.
#....#
#...#####
.##.#####.#
#......#
#........#.#
#..<##.#
###.#.##..#.#
##### ..
.......#..#.#
#####.##......#
#.........###
#........##
#..@######
##S## #...#
#...# #...#
#...# #...#
.$... .....


You could see an adder (poisoned).

Vanquished Creatures
  A ball python (D:2)
  2 endoplasms
  2 hobgoblins
5 creatures vanquished.

Notes
Turn   | Place    | Note
-------+----------+-------------------------------------------
     0 | D:1      | jagoly the Octopode Alchemist began the quest for the Orb.
     0 | D:1      | Reached XP level 1. HP: 11/11 MP: 3/3
    85 | D:2      | Found Xefrias's Book Shoppe.
   145 | D:3      | Found Dehijy's Armour Emporium.
   169 | D:3      | Reached XP level 2. HP: 17/17 MP: 1/5
   186 | D:3      | Slain by an adder

Illustrated notes

Levels and vault maps discovered:
D:1:      dpeg_arrival_subterranean_lakeside_camping, layout_basic, st_stairs_11
D:2:      layout_rooms, serial_shops, nicolae_shop_getting_attention, shop,
          roderic_roman_lattice, uniq_robin, uniq_sigmund
D:3:      layout_loops_cross, serial_shops, shop, nicolae_shop_gaudy_bauble,
          shop_coins, shop, nicolae_shop_gaudy_bauble, minmay_misc_feat_alley

Skill      XL: |  1 |
---------------+----+-----
Stealth        | 3 |  3.0
Dodging        | |  2.0
Spellcasting   | |  2.0
Conjurations   | |  1.5
Alchemy        | |  3.4

Action                     || total
---------------------------++-------
  Melee: Unarmed           ||    12
         Tentacles         ||     4
         Constrict         ||     1
   Cast: Sting             ||    11
    Use: Potion            ||     1
 Armour: Skin              ||     6
  Dodge: Dodged            ||     8
